 Dungeon Crawl Stone Soup version 0.18.1-2-ga659475 (webtiles) character file.

775 M4edhros the Covert (level 7, -4/43 HPs)
             Began as an Octopode Artificer on May 8, 2016.
             Was an Initiate of Gozag.
             Shot with an arrow by a centaur (6 damage)
             ... on level 5 of the Dungeon.
             The game lasted 00:03:08 (3378 turns).

M4edhros the Covert (Octopode Artificer)            Turns: 3378, Time: 00:03:09

Health: -4/43      AC:  1    Str: 10    XL:     7   Next: 84%
Magic:  9/9        EV: 12    Int: 14    God:    Gozag
Gold:   89         SH:  0    Dex: 15    Spells: 0 memorised, 6 levels left

rFire  . . .     SeeInvis .     m - +0 short sword (curse)
rCold  . . .     Gourm    .     (no shield)
rNeg   . . .     Faith    .     (helmet restricted)
rPois  .         Spirit   .     (no amulet)
rElec  .         Dismiss  .     (no ring)
rCorr  .         Reflect  .     (no ring)
SustAt .         Harm     .     (no ring)
MR     .....                    (no ring)
Stlth  +++++++...               (no ring)
                                (no ring)
                                (no ring)
                                (no ring)

@: not resistant to hostile enchantments, extremely stealthy
A: almost no armour, amphibious, 8 rings, constrict 8, camouflage 1, gelatinous
body 1
a: Potion Petition, Call Merchant, Bribe Branch, Renounce Religion


You were on level 5 of the Dungeon.
You worshipped Gozag.
Gozag was noncommittal.
You were hungry.

You visited 2 branches of the dungeon, and saw 6 of its levels.

You collected 152 gold pieces.
You paid 63 gold pieces to Gozag.

Inventory:

Hand Weapons
 a - a +0 short sword
 m - a cursed +0 short sword (weapon)
Wands
 b - a wand of flame (2/48)
 c - a wand of enslavement (13/24)
 d - a wand of random effects (9/48)
 t - a wand of flame (25/48)
Scrolls
 e - a scroll of noise {unknown}
 g - 2 scrolls of fog {unknown}
 i - 4 scrolls of immolation {unknown}
 j - 9 scrolls of identify {unknown}
 n - a scroll of blinking {unknown}
 o - a scroll of enchant armour {unknown}
 p - a scroll of remove curse {unknown}
 q - 2 scrolls of teleportation {unknown}
 v - a scroll of fear {unknown}
Potions
 l - 3 potions of curing {unknown}
 r - a potion of ambrosia {unknown}
 u - 2 potions of flight {unknown}
 w - a potion of degeneration {unknown}
Books
 s - a book of Unlife

   Spells                             Type                      Level
   a - Recall                         Summoning/Translocation      3
   b - Animate Dead                   Necromancy                   4
   c - Control Undead                 Necromancy                   4
   d - Cigotuvi's Embrace             Necromancy                   5
   e - Death Channel                  Necromancy                   6
   f - Simulacrum                     Ice/Necromancy               6
Comestibles
 f - a bread ration
 h - a beef jerky
 k - 2 slices of pizza
 z - a meat ration


   Skills:
 - Level 1.0 Fighting
 - Level 1.0 Short Blades
 - Level 2.0 Dodging
 + Level 11.8 Stealth
 - Level 3.2 Evocations


You had 6 spell levels left.
You didn't know any spells.

Dungeon Overview and Level Annotations

Branches:
Dungeon (5/15)             Temple (1/1) D:5

Altars:
Cheibriados
Dithmenos
Fedhas
Gozag
Okawaru
Pakellas
Qazlal
Ru
Trog
Vehumet
Xom


Innate Abilities, Weirdness & Mutations

You cannot wear most types of armour.
You are amphibious.
You can wear up to eight rings at the same time.
You can use your tentacles to constrict eight enemies at once.
Your skin changes colour to match your surroundings (Stealth).
Your rubbery body absorbs attacks (AC +1).


Message History

Your gnoll hits the gnoll but does no damage.
The gnoll barely misses your gnoll.
Your gnoll hits the gnoll with a spear!
The gnoll dies!
What do you say? t - Shout!
Orders for allies: a - Attack new target. p - Attack previous target. r - Retreat! s - Stop attacking. w - Wait here. f - Follow me.
Anything else - Stay silent.
Wait here!
You hear a shout!
A centaur comes into view.
The centaur wields a shortbow.
The centaur shoots an arrow.
The arrow closely misses you.
The centaur shoots an arrow.
The arrow hits you!
* * * LOW HITPOINT WARNING * * *
The centaur shoots an arrow.
The arrow hits you.
You die...
Your body crumbles into a pile of gold.

#.####........###### #.#
##.####.............####.# .
..##..#.....###.....†.#
#.#.##........c##.####### ##
#>#.##.####.##.##.# #######..
#......# #.......# #........
###.#### ###...### #.####... #.##
#...# #.##..... #####..##
#.@.#######.#...... ........#
#...##.............
##.#.#..#######.(.##.####........
# #....##.............###.#.#...
# #....................##.......
#.##.#.##..............##.#.#...
#......#######...##.......#.#<..
####.### #...#####.##.#..... #.#
#.(.# #..........


You could see a centaur.

Vanquished Creatures
  The ghost of st0uf the Shield-Bearer, an amateur MiFi of Okawaru (D:4)
  Menkaure (D:4)
  An ogre (D:5)
  3 scorpions (D:4)
  A giant frog skeleton (D:4)
  An orc wizard (D:5)
  A centaur skeleton (D:5)
  An iguana (D:4)
  3 worker ants (D:4)
  A worker ant zombie (D:5)
  A gnoll (D:5)
  3 adders
  A worm (D:5)
  2 dart slugs
  2 giant geckos
  4 orcs
  2 bats (D:1)
  3 giant cockroaches
  6 goblins
  8 hobgoblins
  4 jackals (D:1)
  A giant cockroach zombie (D:5)
  A giant newt (D:2)
  10 rats
62 creatures vanquished.

Vanquished Creatures (collateral kills)
  A gnoll (D:5)
1 creature vanquished.

Vanquished Creatures (others)
  A gnoll (D:5)
1 creature vanquished.

Grand Total: 64 creatures vanquished

Notes
Turn   | Place    | Note
--------------------------------------------------------------
     0 | D:1      | M4edhros the Octopode Artificer began the quest for the Orb.
     0 | D:1      | Reached XP level 1. HP: 13/13 MP: 3/3
   144 | D:1      | Reached skill level 2 in Stealth
   155 | D:1      | Reached XP level 2. HP: 12/18 MP: 4/4
   156 | D:1      | Reached skill level 3 in Stealth
   849 | D:2      | Reached skill level 4 in Stealth
   857 | D:2      | Reached XP level 3. HP: 13/23 MP: 5/5
   991 | D:2      | Found a radiant altar of Vehumet.
  1281 | D:2      | Found a bloodstained altar of Trog.
  1526 | D:4      | Noticed st0uf's ghost (amateur MiFi)
  1533 | D:4      | Reached skill level 5 in Stealth
  1596 | D:4      | Found a shimmering altar of Xom.
  1596 | D:4      | Found an oddly glowing altar of Pakellas.
  1695 | D:4      | Killed st0uf's ghost
  1695 | D:4      | Reached skill level 7 in Stealth
  1695 | D:4      | Reached XP level 4. HP: 11/28 MP: 6/6
  1695 | D:4      | Reached XP level 5. HP: 13/33 MP: 7/7
  1884 | D:4      | Reached skill level 8 in Stealth
  1884 | D:4      | Reached XP level 6. HP: 14/38 MP: 8/8
  2142 | D:4      | Noticed Menkaure
  2148 | D:4      | Killed Menkaure
  2148 | D:4      | Reached skill level 9 in Stealth
  2171 | D:4      | Reached skill level 10 in Stealth
  2171 | D:4      | Reached XP level 7. HP: 34/43 MP: 9/9
  2769 | D:5      | Entered Level 5 of the Dungeon
  2833 | D:5      | Reached skill level 11 in Stealth
  3056 | D:5      | Found a staircase to the Ecumenical Temple.
  3125 | Temple   | Entered the Ecumenical Temple
  3243 | Temple   | Became a worshipper of Gozag Ym Sagoz the Greedy
  3378 | D:5      | HP: 2/43 [centaur/arrow (8)]
  3378 | D:5      | Shot with an arrow by a centaur

Skill      XL: |  1  2  3  4  5  6  7 |
---------------+----------------------+-----
Stealth        | 2 4 7 8 10 11 | 11.8
Fighting       | |  1.0
Short Blades   | |  1.0
Dodging        | |  2.0
Evocations     | |  3.2

Action                   |  1- 3 |  4- 6 |  7- 9 || total
-------------------------+-------+-------+-------++-------
Melee: Short sword       |    66 |    15 |    50 ||   131
       Constrict         |    19 |     4 |     9 ||    32
       Tentacles         |    13 |     2 |     9 ||    24
Evoke: Wand              |     8 |     3 |    10 ||    21
 Stab: Sleeping          |    12 |     3 |     6 ||    21
       Distracted        |     1 |       |     1 ||     2
  Eat: Chunk             |     2 |     2 |     3 ||     7
Armor: Skin              |     4 |     1 |       ||     5
Dodge: Dodged            |    31 |     4 |    34 ||    69
